 Dungeon Crawl Stone Soup version 0.28.0-53-g5a82cb258f (webtiles) character file.

Game seed: 15813092777240630849

715 Plasmagod the Destroyer (level 7, -8/37 HPs)
             Began as a Deep Elf Conjurer on July 21, 2022.
             Mangled by an ogre
             ... wielding a +0 giant club
              (23 damage)
             ... on level 5 of the Dungeon.
             The game lasted 00:14:15 (4879 turns).

Plasmagod the Destroyer (Deep Elf Conjurer)         Turns: 4879, Time: 00:14:15

Health: -8/37      AC:  3    Str:  4    XL:     7   Next: 41%
Magic:  3/17       EV: 13    Int: 29    God:
Gold:   116        SH:  0    Dex: 13    Spells: 10/17 levels left

rFire   . . .      SeeInvis +   e - +2 dagger (vamp)
rCold   + . .      Faith    +   (no shield)
rNeg    + . .      Spirit   .   a - +0 robe
rPois   +          Reflect  .   (no helmet)
rElec   .          Harm     .   (no cloak)
rCorr   .          Rampage  .   (no gloves)
Will    +....                   s - +0 pair of boots
Stlth   ++........              b - amulet of faith
HPRegen 0.12/turn               d - ring of see invisible
MPRegen 0.15/turn               h - ring "Deriotiy" {rPois rC+ rN+ Will+ Int+4}

@: no status effects
A: no striking features
a: no special abilities


You were on level 5 of the Dungeon.
You visited 1 branch of the dungeon, and saw 5 of its levels.

You collected 116 gold pieces.

Inventory:

Hand Weapons
 e - a +2 vampiric dagger (weapon)
Armour
 a - a +0 robe (worn)
 s - a +0 pair of boots (worn)
Jewellery
 b - an amulet of faith (around neck)
 d - a ring of see invisible (left hand)
 h - the ring "Deriotiy" (right hand) {rPois rC+ rN+ Will+ Int+4}
   (You found it on level 2 of the Dungeon)

   [ring of protection from cold]

   Int:       It affects your intelligence (+4).
   rC:        It protects you from cold.
   rPois:     It protects you from poison.
   rN:        It protects you from negative energy.
   Will:      It increases your willpower.
 w - an amulet of regeneration
Wands
 A - a wand of digging (6)
Scrolls
 g - a scroll of enchant weapon {unknown}
 m - 5 scrolls of identify {unknown}
 o - a scroll of teleportation {unknown}
 q - a scroll of noise {unknown}
 t - a scroll of magic mapping {unknown}
 u - 2 scrolls of amnesia {unknown}
 v - 2 scrolls of vulnerability {unknown}
 y - a scroll of brand weapon {unknown}
 z - a scroll of fog {unknown}
Potions
 c - a potion of magic {unknown}
 f - a potion of mutation {unknown}
 i - a potion of resistance {unknown}
 j - 2 potions of curing {unknown}
 k - 2 potions of degeneration {unknown}
 l - a potion of attraction {unknown}
 n - 2 potions of heal wounds {unknown}
 p - a potion of flight {unknown}
 r - a potion of haste {unknown}
 x - a potion of might {unknown}


   Skills:
 + Level 0.3 Fighting
 - Level 0.5 Short Blades
 * Level 1.9 Armour
 + Level 3.6 Dodging
 + Level 3.2 Stealth
 + Level 5.6 Spellcasting
 + Level 8.0 Conjurations


You had 10 spell levels left.
You knew the following spells:

 Your Spells              Type           Power      Damage    Failure   Level
a - Magic Dart            Conj           100%       1d8       1%          1
b - Searing Ray           Conj           100%       2d8       1%          2
c - Fulminant Prism       Conj/Hex       15%        3d11      12%         4

Your spell library contained the following spells:

 Spells                   Type           Power      Damage    Failure   Level
 Foxfire                  Conj/Fire      100%       2x1d9     1%          1
 Dazzling Flash           Conj/Hex       62%        N/A       3%          3
 Iskenderun's Mystic Bla  Conj/Tloc      31%        2d8       12%         4


Dungeon Overview and Level Annotations

Branches:
Dungeon (5/15)
 Temple: D:4-7

Altars:

Shops:
D:2 !   D:3 ([(*?   D:4 (*

Annotations:
D:5 Eustachio


Message History

The blast of energy engulfs Eustachio!
Eustachio is moderately wounded.
Eustachio shouts!
An ogre comes into view. It is wielding a +0 giant club.
Your fulminant prism crackles loudly.
Eustachio gestures wildly while chanting.
Eustachio blinks!
Found a stone staircase leading down.
Your fulminant prism explodes!
You hear a shout!
Eustachio mumbles some strange words.
The ogre misses you.
Casting: Fulminant Prism (quite dangerous; 12% risk of failure)
Confirm with . or Enter, or press ? or * to list all spells.
Aiming: Searing Ray (safe; 1% risk of failure)
Press: ? - help, Shift-Dir - straight line, f - Eustachio
Aim: Eustachio, wielding a +0 falchion and wearing a +0 leather armour (lightly wounded, 76% to hit)
The searing ray hits the ogre!
The ogre is heavily wounded.
The searing ray hits Eustachio!
Eustachio is heavily wounded. (Press . to maintain the ray.)
You feel yourself speed up.
The ogre hits you with a +0 giant club!!
Ouch! That really hurt!
Your magical contamination has completely faded away.
The searing ray hits the ogre.
The ogre is severely wounded.
The searing ray hits Eustachio!
Eustachio is heavily wounded.
The searing ray hits the river rat!
You kill the river rat!
The river rat's corpse disappears in a puff of smoke!
Eustachio casts a spell.
Eustachio blinks!
The ogre barely misses you.
The searing ray misses the ogre.
The searing ray hits the river rat!
The river rat is severely wounded.
The ogre hits you with a +0 giant club!!
Ouch! That really hurt!
You die...

### #<#
.... #.#
.... #@#
..... #O#
.....
#r#......
#.#......
#.....#>.
#........
#.....r..
#.#...@..
#.#...r..


You could see an ogre and a river rat (summoned).

Vanquished Creatures
  A necrophage (D:4)
  An ogre (D:4)
  2 scorpions (D:4)
  A bullfrog zombie (D:5)
  A jelly (D:4)
  A hound (D:4)
  2 orc priests (D:4)
  An iguana (D:5)
  10 gnolls
  4 adders
  A worm (D:3)
  4 dart slugs
  13 orcs
  4 endoplasms
  6 giant cockroaches
  9 goblins
  12 hobgoblins
  3 jackals (D:3)
  6 quokkas
  4 ball pythons
  5 bats
  2 frilled lizards
  6 kobolds
  4 rats
103 creatures vanquished.

Vanquished Creatures (others)
  2 fulminant prisms (D:5)
  2 fungi (D:3)
  2 plants (D:3)
6 creatures vanquished.

Grand Total: 109 creatures vanquished

Notes
Turn   | Place    | Note
-------+----------+-------------------------------------------
     0 | D:1      | Plasmagod the Deep Elf Conjurer began the quest for the
                  | Orb.
     0 | D:1      | Reached XP level 1. HP: 10/10 MP: 6/6
   299 | D:1      | Reached XP level 2. HP: 15/15 MP: 5/8
   302 | D:1      | Learned a level 2 spell: Searing Ray
   776 | D:2      | Reached skill level 5 in Conjurations
   779 | D:2      | Identified the ring "Deriotiy" {rPois rC+ rN+ Will+ Int+4}
   846 | D:2      | Reached XP level 3. HP: 19/19 MP: 6/9
  1489 | D:2      | Found Jafoil's Distillery.
  1617 | D:3      | Found Mamaisk's Assorted Antiques.
  1624 | D:3      | Identified the +4 scale mail "Lixkeo" {rCorr Int-2 SInv}
  1631 | D:3      | Reached XP level 4. HP: 24/24 MP: 8/10
  1893 | D:3      | Found a faded altar of an unknown god.
  1901 | D:3      | Got Plato's Disquisition on Flames
  2293 | D:3      | Found Jaut's Weapon Shoppe.
  2303 | D:3      | Reached skill level 6 in Conjurations
  2311 | D:3      | Reached XP level 5. HP: 28/28 MP: 0/12
  2434 | D:3      | Found Epoum's Magic Scroll Shoppe.
  2636 | D:3      | Found Locronyx's Antique Weapon Boutique.
  2760 | D:3      | Found Bohah's Armour Boutique.
  3040 | D:3      | Learned a level 4 spell: Fulminant Prism
  3122 | D:4      | Reached skill level 7 in Conjurations
  3122 | D:4      | Reached XP level 6. HP: 27/33 MP: 8/14
  3639 | D:4      | Reached skill level 1 in Armour
  3641 | D:4      | Reached skill level 5 in Spellcasting
  3698 | D:4      | Found Zomi's Overcharged Wands.
  4026 | D:4      | Found Wucadom's Weapon Shoppe.
  4170 | D:4      | Reached XP level 7. HP: 37/37 MP: 7/17
  4560 | D:5      | Entered Level 5 of the Dungeon
  4832 | D:5      | Reached skill level 8 in Conjurations
  4866 | D:5      | Noticed Eustachio
  4879 | D:5      | Mangled by an ogre

Illustrated notes

Levels and vault maps discovered:
D:1:      evilmike_arrival_plus, layout_basic, hangedman_decor_points,
          due_unseen_surprise
D:2:      layout_basic, serial_shops, shop, minmay_heptomino_h4
D:3:      layout_loops_cross, serial_shops, nicolae_lakefront_shop,
          nicolae_shop_bloodbath_and_beyond, nicolae_shop_statue_plus,
          nicolae_shop_overgrown_old_shop, shop, portal_sewer_entry_f,
          shapermc_ecumenical_altar_rom_forum, minmay_goblin_outpost
D:4:      nicolae_BIG_FREAKIN_CUBE, layout_loops_corners, serial_shops,
          nicolae_shop_hallway_stairs, nicolae_shop_overcharged_wands
D:5:      layout_basic, dk_vineyard_1, kennysheep_doodads, serial_park_tiny_1,
          uniq_crazy_yiuf_cottage, uniq_eustachio

Skill      XL: |  1  2  3  4  5  6  7 |
---------------+----------------------+-----
Conjurations   | 5 6 7 8 |  8.0
Dodging        | 3 |  3.6
Spellcasting   | 4 5 |  5.6
Stealth        | 3 |  3.2
Armour         | 1 |  1.9
Fighting       | |  0.3
Short Blades   | |  0.5

Action                   |  1- 3 |  4- 6 |  7- 9 || total
-------------------------+-------+-------+-------++-------
Melee: Dagger            |     4 |    35 |       ||    39
       Punch             |       |     2 |       ||     2
 Cast: Magic Dart        |    54 |    66 |    19 ||   139
       Searing Ray       |     3 |    20 |     3 ||    26
       Fulminant Prism   |       |       |     2 ||     2
Armor: Robe              |     2 |     5 |     1 ||     8
Dodge: Dodged            |     4 |    30 |     6 ||    40
